[Event "Friday Night Double Round Robin 3m+1s Starts at 2200hrs ST NO LATE JOINS POSS"]
[Site "Infinity Chess"]
[Date "2018.1.19"]
[Round "7"]
[White "MGR"]
[Black "OlivierEvan"]
[Result "1-0"]
[ECO "C42"]
[WhiteElo "2513"]
[BlackElo "2419"]
[WhiteEngine "asmFishW_2017-11-19_bmi2"]
[BlackEngine "Houdini 6"]
[EventType "Round Robin"]
[WhiteTeam ""]
[BlackTeam ""]
[PlyCount "209"]
[TimeControl "180+1"]

1. e4 e5 2. Nf3 Nf6 3. Nxe5 d6 4. Nf3 Nxe4 5. d4 d5 6. Bd3 Nc6 7. O-O Be7 
8. Nbd2 Nf6 9. c3 O-O 10. Re1 Bd6 11. Nf1 h6 12. Qc2 Re8 13. Rxe8+ Qxe8 
14. Bd2 Be6 15. Ng3 Qf8 16. Nf5 Re8 17. Nxd6 Qxd6 18. h3 Re7 19. b4 Ne4 
20. Be3 Bf5 21. Re1 Qf6 22. Qb3 Qd6 23. Bf1 b6 24. a3 Nf6 25. Qd1 Be4 
26. Nd2 Bh7 27. Qc1 Nd8 28. c4 dxc4 29. Nxc4 Qc6 30. Ne5 Qxc1 31. Rxc1 Ne8 
32. b5 Nd6 33. Nc4 Ne4 34. Kh2 Nf6 35. Ne5 Be4 36. a4 Bd5 37. h4 Ne4 38. g4 Nd6 
39. Bg2 Bb3 40. Ra1 Nc4 41. Nxc4 Bxc4 42. Kg3 Rd7 43. h5 Kf8 44. Be4 Bb3 
45. Ra3 Bd5 46. Bxd5 Rxd5 47. Rc3 Rd7 48. Kf3 Ke8 49. Ke4 Re7+ 50. Kd3 Nb7 
51. Bf4 Kd8 52. Be5 f6 53. Bh2 Na5 54. Bf4 Nb7 55. Rc2 Kc8 56. Bh2 Nd8 
57. Kc4 Rd7 58. Re2 c6 59. bxc6 Nxc6 60. Re8+ Nd8 61. d5 a6 62. d6 Ra7 
63. Bf4 Rb7 64. f3 b5+ 65. axb5 Rxb5 66. Rg8 Rb7 67. Bd2 Kd7 68. Rxg7+ Ke6 
69. Rc7 Kxd6 70. Rxb7 Nxb7 71. Bxh6 Ke6 72. Bd2 a5 73. Kb5 Nd6+ 74. Kc5 Nb7+ 
75. Kc6 Nd8+ 76. Kb5 Nb7 77. h6 Kf7 78. Bxa5 Nd6+ 79. Kc6 Nc4 80. Bc3 Kg6 
81. h7 Kxh7 82. Kc5 Ne3 83. Bxf6 Kg6 84. Bd8 Nc2 85. Kd5 Nb4+ 86. Ke4 Nc6 
87. Bh4 Kg7 88. f4 Na5 89. Kd5 Nb3 90. f5 Nd2 91. Ke6 Nf3 92. Bf6+ Kf8 
93. g5 Kg8 94. g6 Kf8 95. Be5 Ng5+ 96. Kd5 Nf3 97. f6 Ng5 98. Bf4 Nh3 
99. Bh6+ Ke8 100. Kd6 Ng5 101. Bxg5 Kd8 102. Bf4 Kc8 103. Kc6 Kd8 104. g7 Ke8 
105. g8=Q# 1-0

[Event "Friday Night Double Round Robin 3m+1s Starts at 2200hrs ST NO LATE JOINS POSS"]
[Site "Infinity Chess"]
[Date "2018.1.19"]
[Round "6"]
[White "Victorious"]
[Black "MGR"]
[Result "1/2-1/2"]
[ECO "C00"]
[WhiteElo "2528"]
[BlackElo "2512"]
[WhiteEngine "BugChess2.41_Release"]
[BlackEngine "asmFishW_2017-11-19_bmi2"]
[EventType "Round Robin"]
[WhiteTeam ""]
[BlackTeam ""]
[PlyCount "113"]
[TimeControl "180+1"]

1. e4 e6 2. Nc3 d5 3. d4 Nf6 4. exd5 exd5 5. Nf3 a5 6. Bd3 Be7 7. O-O O-O 
8. Re1 Re8 9. h3 c6 10. Bg5 Na6 11. a3 Nc7 12. Bh4 Ne6 13. Ne2 Ne4 14. Bxe7 Rxe7 
15. Qc1 b6 16. c4 Ba6 17. Nf4 Nxf4 18. Qxf4 f6 19. Rac1 g5 20. Qe3 Raa7 
21. Ne5 fxe5 22. Bxe4 dxe4 23. Qxg5+ Kf8 24. Qf6+ Kg8 25. Rxe4 Qf8 26. Qxc6 exd4 
27. Rxd4 Bc8 28. Rcd1 Kg7 29. Rd6 a4 30. Qxb6 Qf4 31. R6d4 Qf6 32. Qb8 Rad7 
33. Rg4+ Kh6 34. Rxd7 Bxd7 35. Rf4 Qe5 36. Qf8+ Qg7 37. Rf6+ Kh5 38. g4+ Kg5 
39. f4+ Kh4 40. Qxg7 Rxg7 41. Kh2 h5 42. c5 Re7 43. Kg2 Re2+ 44. Kf3 Rxb2 
45. f5 Rb3+ 46. Kf4 Rxa3 47. gxh5 Rc3 48. c6 Bxc6 49. h6 Rf3+ 50. Ke5 Re3+ 
51. Kd4 Kg5 52. Rxc6 Rxh3 53. f6 Rxh6 54. f7 Rh4+ 55. Kc3 Rf4 56. Ra6 Rxf7 
57. Ra5+ 1/2-1/2

[Event "Friday Night Double Round Robin 3m+1s Starts at 2200hrs ST NO LATE JOINS POSS"]
[Site "Infinity Chess"]
[Date "2018.1.19"]
[Round "6"]
[White "Gilgamesch"]
[Black "BraveDevil"]
[Result "1-0 "]
[ECO "B90"]
[WhiteElo "2547"]
[BlackElo "2485"]
[WhiteEngine "BrainFish_171005_x64_bmi2"]
[BlackEngine "Cryptic AIL V1"]
[EventType "Round Robin"]
[WhiteTeam ""]
[BlackTeam ""]
[PlyCount "196"]
[TimeControl "180+1"]

1. e4 c5 2. Nf3 d6 3. d4 cxd4 4. Nxd4 Nf6 5. Nc3 a6 6. Be3 e5 7. Nb3 Be7 
8. Be2 Be6 9. O-O O-O 10. Nd5 Nxe4 11. Bb6 Qd7 12. Nc7 Nc6 13. Nxa8 Rxa8 
14. Re1 f5 15. f3 Nf6 16. c4 Bd8 17. Bf2 Bc7 18. Qc2 Qf7 19. a3 Rf8 20. Nd2 Qg6 
21. Rad1 Qg5 22. b4 Rc8 23. Bd3 Bb8 24. Rc1 Re8 25. Nf1 Ne7 26. Ng3 Rc8 
27. Qb1 Nd7 28. Red1 Rf8 29. Qb2 h6 30. a4 Qg6 31. a5 Qg5 32. Rb1 e4 33. fxe4 f4 
34. Nf5 Ne5 35. h4 Qf6 36. c5 dxc5 37. Bxc5 Re8 38. Nd6 Rf8 39. Nf5 Re8 
40. Bc2 Nxf5 41. exf5 Bxf5 42. Bxf5 Qxf5 43. Qb3+ Kh7 44. Qh3 Ng4 45. Rf1 Qg6 
46. h5 Qf5 47. Rb3 Re5 48. Qd3 Nf6 49. Qxf5+ Rxf5 50. Rd3 Be5 51. Re1 Rxh5 
52. Bd6 Bxd6 53. Rxd6 Nd5 54. Re4 Rg5 55. Kf2 h5 56. Rd4 Ne3 57. Rxf4 Ng4+ 
58. Kg1 Ne3 59. Rd2 Rb5 60. Rd7 Rg5 61. Rxb7 Rxg2+ 62. Kh1 Ra2 63. Rff7 Ra1+ 
64. Kh2 Kg6 65. Rxg7+ Kf5 66. Rbf7+ Ke4 67. Re7+ Kd4 68. Re6 Ra2+ 69. Kh1 Nf5 
70. Rg5 Nh4 71. Rf6 Ke4 72. Rxh5 Nf3 73. Rxa6 Ke3 74. Re6+ Kf2 75. Rh2+ Nxh2 
76. Kxh2 Ra4 77. Rb6 Kf3 78. a6 Kg4 79. b5 Ra2+ 80. Kg1 Kf3 81. Rb7 Rg2+ 
82. Kh1 Ra2 83. a7 Ra1+ 84. Kh2 Ra2+ 85. Kh3 Ke4 86. b6 Kf5 87. Rf7+ Ke6 
88. b7 Rxa7 89. Kg3 Kxf7 90. b8=Q Re7 91. Qc8 Re8 92. Qd7+ Kf8 93. Kf4 Re1 
94. Qd2 Re8 95. Qd6+ Kf7 96. Kf5 Re7 97. Qd8 Re1 98. Qd5+ Kf8 1-0

[Event "Friday Night Double Round Robin 3m+1s Starts at 2200hrs ST NO LATE JOINS POSS"]
[Site "Infinity Chess"]
[Date "2018.1.19"]
[Round "6"]
[White "xeonrocks"]
[Black "RonWeasley"]
[Result "1/2-1/2"]
[ECO "C11"]
[WhiteElo "2566"]
[BlackElo "2481"]
[WhiteEngine "asmFishW_CTG"]
[BlackEngine "BrainFish 130117_CTG"]
[EventType "Round Robin"]
[WhiteTeam ""]
[BlackTeam ""]
[PlyCount "94"]
[TimeControl "180+1"]

1. e4 e6 2. d4 d5 3. Nc3 Nf6 4. e5 Nfd7 5. f4 c5 6. Nf3 Nc6 7. Be3 cxd4 
8. Nxd4 Qb6 9. Qd2 Qxb2 10. Rb1 Qa3 11. Bb5 Nxd4 12. Bxd4 a6 13. Bxd7+ Bxd7 
14. Rb3 Qe7 15. Rxb7 Rc8 16. O-O Qd8 17. Qe3 Rc4 18. Rfb1 Be7 19. f5 Bg5 
20. Qd3 O-O 21. Ne4 Bc8 22. Bb6 Be3+ 23. Qxe3 Qh4 24. Nf6+ gxf6 25. Rc7 exf5 
26. Rxc4 dxc4 27. exf6 Kh8 28. Bc7 Rg8 29. Bf4 Bd7 30. Rb8 Rxb8 31. Bxb8 Kg8 
32. Be5 Bc6 33. h3 h6 34. Kh2 Kh7 35. Qg3 Qxg3+ 36. Kxg3 h5 37. Kh4 Kg6 
38. g4 hxg4 39. hxg4 fxg4 40. Kxg4 Bd7+ 41. Kf4 c3 42. Bd4 Be6 43. a3 Bd7 
44. Bxc3 Bf5 45. a4 a5 46. Bxa5 Bxc2 47. Be1 Bxa4 1/2-1/2

[Event "Friday Night Double Round Robin 3m+1s Starts at 2200hrs ST NO LATE JOINS POSS"]
[Site "Infinity Chess"]
[Date "2018.1.19"]
[Round "6"]
[White "PAKtech"]
[Black "ocirema"]
[Result "1-0"]
[ECO "B90"]
[WhiteElo "2425"]
[BlackElo "2480"]
[WhiteEngine "Raubfisch ME262_GTZ16b3._CTG"]
[BlackEngine "stockfish_18011309_x64_modern_CTG"]
[EventType "Round Robin"]
[WhiteTeam ""]
[BlackTeam ""]
[PlyCount "175"]
[TimeControl "180+1"]

1. e4 c5 2. Nf3 d6 3. d4 cxd4 4. Nxd4 Nf6 5. Nc3 a6 6. Be3 e5 7. Nb3 Be6 
8. f3 h5 9. Qd2 Nbd7 10. Nd5 Nxd5 11. exd5 Bf5 12. Na5 Qc7 13. Rc1 Be7 
14. b4 Bh4+ 15. g3 Bd8 16. c4 Qb8 17. Bg2 Bxa5 18. bxa5 Qc7 19. O-O Nc5 
20. f4 e4 21. h3 f6 22. Rc2 Rc8 23. Rb1 Bg6 24. Qb4 O-O 25. g4 Qd7 26. Bxc5 Rxc5 
27. f5 Bf7 28. Re2 Re8 29. Re3 Qc7 30. Bf1 Re7 31. Qb6 Rxa5 32. a3 Rc5 
33. Qxc7 Rcxc7 34. Rb6 Rcd7 35. Kf2 h4 36. Reb3 g6 37. Be2 Kg7 38. Ke3 gxf5 
39. gxf5 Kh6 40. Kf4 e3 41. Rxe3 Rxe3 42. Kxe3 Bh5 43. Bd3 Kg5 44. Be4 a5 
45. Rb1 Rc7 46. Rg1+ Kh6 47. Kd4 Re7 48. Rg8 Be8 49. Rh8+ Kg5 50. a4 Kf4 
51. Rxh4+ Kg3 52. Rh6 Kf4 53. Bc2 Re2 54. Bd3 Kg5 55. Rh7 Rd2 56. Rxb7 Kf4 
57. Rb6 Bxa4 58. Rxd6 Rd1 59. Re6 Bc2 60. Re4+ Kxf5 61. Re3+ Kg5 62. d6 Ba4 
63. Rf3 Be8 64. Rf5+ Kh4 65. Rxa5 Kg3 66. Kc3 Rc1+ 67. Kd2 Rh1 68. c5 Rh2+ 
69. Kc3 Rh1 70. Ra7 Rc1+ 71. Kd4 Kf3 72. d7 Bxd7 73. Rxd7 f5 74. Bxf5 Ke2 
75. Re7+ Kf3 76. Bd3 Kg3 77. Rf7 Ra1 78. c6 Ra4+ 79. Bc4 Ra8 80. c7 Kh2 
81. Rg7 Rf8 82. Be6 Rf1 83. c8=Q Rd1+ 84. Ke3 Re1+ 85. Kf2 Rxe6 86. Qxe6 Kh1 
87. Qe4+ Kh2 88. Qg2# 1-0

[Event "Friday Night Double Round Robin 3m+1s Starts at 2200hrs ST NO LATE JOINS POSS"]
[Site "Infinity Chess"]
[Date "2018.1.19"]
[Round "6"]
[White "tris77"]
[Black "Deep SKY"]
[Result "1/2-1/2 "]
[ECO "C77"]
[WhiteElo "2435"]
[BlackElo "2508"]
[WhiteEngine "Raubfisch X37b_CTG"]
[BlackEngine "BrainFish_180106_x64_CTG"]
[EventType "Round Robin"]
[WhiteTeam ""]
[BlackTeam ""]
[PlyCount "156"]
[TimeControl "180+1"]

1. e4 e5 2. Nf3 Nc6 3. Bb5 a6 4. Ba4 Nf6 5. O-O Be7 6. Re1 b5 7. Bb3 O-O 
8. c3 d6 9. h3 Nb8 10. d4 Nbd7 11. Nbd2 Bb7 12. Bc2 c5 13. d5 c4 14. Nf1 Qc7 
15. Ne3 g6 16. Qe2 Rfc8 17. Ng4 Nxg4 18. hxg4 a5 19. g5 a4 20. Nh2 Rf8 
21. Ng4 Qd8 22. Nh6+ Kh8 23. Qe3 Bc8 24. Rf1 f6 25. gxf6 Nxf6 26. f4 Ng4 
27. Nxg4 Bxg4 28. fxe5 Rxf1+ 29. Kxf1 dxe5 30. Qg3 h5 31. Qxe5+ Bf6 32. Qg3 a3 
33. bxa3 Bh4 34. Qf4 Qf6 35. Qxf6+ Bxf6 36. Rb1 Bxc3 37. Bb2 Bxb2 38. Rxb2 Rxa3 
39. e5 Kg7 40. e6 Kf6 41. Bb1 Re3 42. Rxb5 Re5 43. a4 g5 44. a5 Bxe6 45. a6 Rxd5 
46. a7 Rxb5 47. a8=Q Rxb1+ 48. Kf2 Rb2+ 49. Ke1 Rb1+ 50. Kf2 Rb3 51. Qf8+ Bf7 
52. Qd8+ Kf5 53. Qd7+ Kg6 54. Qd6+ Kf5 55. Qc5+ Kg6 56. Qd6+ Kf5 57. Qc5+ Kf6 
58. Ke1 Rd3 59. Qf2+ Kg6 60. Qb6+ Kf5 61. Qf2+ Ke6 62. Qc5 Kf6 63. Qf2+ Ke7 
64. Qb2 Rd5 65. Qc3 h4 66. Qg7 Rf5 67. Kd2 Rf2+ 68. Ke3 Rxg2 69. Qe5+ Be6 
70. Qg7+ Kd6 71. Qf8+ Kd7 72. Qg7+ Kc6 73. Qf6 Rg3+ 74. Ke4 Kd7 75. Qd4+ Kc6 
76. Qf6 Kd6 77. Qd4+ Kc7 78. Qe5+ Kd7 1/2-1/2

[Event "Friday Night Double Round Robin 3m+1s Starts at 2200hrs ST NO LATE JOINS POSS"]
[Site "Infinity Chess"]
[Date "2018.1.19"]
[Round "6"]
[White "Dovahkiin"]
[Black "star99"]
[Result "1/2-1/2"]
[ECO "A00"]
[WhiteElo "2438"]
[BlackElo "2469"]
[WhiteEngine "BrainFish_180113_x64_modern_CTG"]
[BlackEngine "Cryptic AIL V1"]
[EventType "Round Robin"]
[WhiteTeam ""]
[BlackTeam ""]
[PlyCount "48"]
[TimeControl "180+1"]

1. e3 e5 2. e4 Nf6 3. Nc3 Bb4 4. Nf3 O-O 5. Nxe5 d5 6. Nd3 Bxc3 7. dxc3 dxe4 
8. Nf4 Qxd1+ 9. Kxd1 Rd8+ 10. Ke1 Nc6 11. Ne2 h6 12. Ng3 a5 13. f3 Re8 
14. Kf2 Bd7 15. Bb5 exf3 16. gxf3 Ne5 17. Bxd7 Nfxd7 18. Re1 Ra6 19. Bd2 Rf6 
20. f4 g5 21. Ne4 Rf5 22. Ng3 Rf6 23. Ne4 Rf5 24. Ng3 Rf6 1/2-1/2

[Event "Friday Night Double Round Robin 3m+1s Starts at 2200hrs ST NO LATE JOINS POSS"]
[Site "Infinity Chess"]
[Date "2018.1.19"]
[Round "6"]
[White "OlivierEvan"]
[Black "KULLANI"]
[Result "1/2-1/2"]
[ECO "C24"]
[WhiteElo "2417"]
[BlackElo "2459"]
[WhiteEngine "Houdini 6"]
[BlackEngine "BrainFish_180113_x64_CTG"]
[EventType "Round Robin"]
[WhiteTeam ""]
[BlackTeam ""]
[PlyCount "105"]
[TimeControl "180+1"]

1. e4 e5 2. Bc4 Nf6 3. Nc3 Nc6 4. d3 Na5 5. Nge2 Bc5 6. O-O h6 7. Rb1 Nxc4 
8. dxc4 d6 9. Qd3 O-O 10. a4 a5 11. h3 Be6 12. b3 Kh7 13. Nd5 Nd7 14. Ng3 Re8 
15. c3 c6 16. Ne3 Nf6 17. Nef5 d5 18. exd5 cxd5 19. Be3 Bxe3 20. Nxe3+ Kg8 
21. Rfd1 dxc4 22. Qxd8 Rexd8 23. Rxd8+ Rxd8 24. bxc4 Rd7 25. Rb5 Rc7 
26. Rxa5 Bxc4 27. Nxc4 Rxc4 28. Rxe5 Rxa4 29. f3 Ra2 30. Ne2 g6 31. Kf2 Kg7 
32. Rb5 b6 33. Ke3 Nd7 34. Nf4 g5 35. Ne2 f6 36. Rb4 Kf7 37. Rd4 Ne5 
38. f4 gxf4+ 39. Nxf4 Rc2 40. Ne2 b5 41. Rb4 Nc4+ 42. Kf2 Nd6 43. Kf3 f5 
44. Rh4 Kg7 45. g4 Rd2 46. gxf5 Nxf5 47. Rf4 Kg6 48. Rb4 Nd6 49. Rg4+ Kf5 
50. Ke3 Nc4+ 51. Rxc4 Rxe2+ 52. Kxe2 bxc4 53. Kf3 1/2-1/2

[Event "Friday Night Double Round Robin 3m+1s Starts at 2200hrs ST NO LATE JOINS POSS"]
[Site "Infinity Chess"]
[Date "2018.1.19"]
[Round "5"]
[White "Deep SKY"]
[Black "Dovahkiin"]
[Result "1-0"]
[ECO "B90"]
[WhiteElo "2494"]
[BlackElo "2452"]
[WhiteEngine "BrainFish_180106_x64_CTG"]
[BlackEngine "BrainFish_180113_x64_modern_CTG"]
[EventType "Round Robin"]
[WhiteTeam ""]
[BlackTeam ""]
[PlyCount "68"]
[TimeControl "180+1"]

1. e4 c5 2. Nf3 d6 3. d4 cxd4 4. Nxd4 Nf6 5. Nc3 a6 6. Be3 e5 7. Nb3 Be6 
8. f3 h5 9. Qd2 Nbd7 10. Nd5 Bxd5 11. exd5 g6 12. Be2 Bg7 13. O-O b6 14. c4 O-O 
15. h3 Re8 16. Rad1 Qc7 17. Kh1 Nc5 18. Nxc5 bxc5 19. Rde1 a5 20. Qc2 e4 
21. f4 Qe7 22. Bd1 a4 23. f5 Nd7 24. Re2 Rab8 25. Qc1 Ne5 26. Bxa4 Nd3 
27. Qb1 Rf8 28. Bg1 Qh4 29. b3 Rfd8 30. Bc6 Be5 31. a4 Qg3 32. Rxe4 Rxb3 
33. Qd1 Rb2 34. Re2 Rdb8 1-0

[Event "Friday Night Double Round Robin 3m+1s Starts at 2200hrs ST NO LATE JOINS POSS"]
[Site "Infinity Chess"]
[Date "2018.1.19"]
[Round "5"]
[White "ocirema"]
[Black "tris77"]
[Result "1/2-1/2"]
[ECO "B90"]
[WhiteElo "2482"]
[BlackElo "2433"]
[WhiteEngine "stockfish_18011309_x64_modern_CTG"]
[BlackEngine "Raubfisch X37b_CTG"]
[EventType "Round Robin"]
[WhiteTeam ""]
[BlackTeam ""]
[PlyCount "134"]
[TimeControl "180+1"]

1. e4 c5 2. Nf3 d6 3. d4 cxd4 4. Nxd4 Nf6 5. Nc3 a6 6. Be3 e5 7. Nb3 Be6 
8. Be2 Be7 9. O-O O-O 10. Qd3 Nbd7 11. Nd5 Bxd5 12. exd5 a5 13. a4 Qc7 
14. Rfd1 b6 15. c3 Nc5 16. Qc2 Nxb3 17. Qxb3 Nd7 18. Bb5 f5 19. f3 Bh4 
20. Kh1 Rae8 21. Rab1 Re7 22. Bc6 e4 23. f4 Bf6 24. Qc4 Nc5 25. Bb5 Ra8 
26. Qe2 g6 27. h3 Rf8 28. g3 Bg7 29. Rdc1 Rc8 30. Rc2 Nd7 31. g4 fxg4 
32. hxg4 Rf8 33. Rf1 Qc8 34. Qd1 Nc5 35. Rg2 Nd3 36. Kg1 Bh6 37. Qd2 Rff7 
38. Kh2 Qf8 39. g5 Bg7 40. Bxd3 exd3 41. Qxd3 Qe8 42. Bxb6 Re4 43. Rgf2 Rxa4 
44. Re2 Qf8 45. Re4 Rxe4 46. Qxe4 Re7 47. Qd3 Rb7 48. Bxa5 Rxb2+ 49. Kh3 Qf7 
50. Qe4 Rb5 51. Bb4 Rxd5 52. Kg4 Rf5 53. c4 h5+ 54. gxh6 Bxh6 55. Kg3 d5 
56. cxd5 Rxd5 57. Re1 Rh5 58. Bd6 g5 59. f5 Bf8 60. Bxf8 Qc7+ 61. Kf2 Qh2+ 
62. Kf1 Qh1+ 63. Qxh1 Rxh1+ 64. Ke2 Rxe1+ 65. Kxe1 Kxf8 66. Kf2 Kf7 67. Kf3 Kg7 
1/2-1/2

[Event "Friday Night Double Round Robin 3m+1s Starts at 2200hrs ST NO LATE JOINS POSS"]
[Site "Infinity Chess"]
[Date "2018.1.19"]
[Round "5"]
[White "RonWeasley"]
[Black "PAKtech"]
[Result "1/2-1/2"]
[ECO "C53"]
[WhiteElo "2483"]
[BlackElo "2423"]
[WhiteEngine "BrainFish 130117_CTG"]
[BlackEngine "Raubfisch ME262_GTZ16b3._CTG"]
[EventType "Round Robin"]
[WhiteTeam ""]
[BlackTeam ""]
[PlyCount "79"]
[TimeControl "180+1"]

1. e4 e5 2. Nf3 Nc6 3. Bc4 Bc5 4. c3 Nf6 5. d3 d6 6. Bb3 a6 7. Nbd2 O-O 
8. O-O Ba7 9. Re1 h6 10. Nf1 Re8 11. Be3 Bxe3 12. Nxe3 Ne7 13. a4 Ng6 14. a5 Nf4 
15. Bc2 Bd7 16. d4 exd4 17. Qxd4 Bc6 18. Nf5 Ne6 19. Qb4 Ng4 20. h3 Ne5 
21. Nxe5 dxe5 22. Rad1 Qf6 23. Bd3 Rab8 24. Bc4 Nf4 25. Bf1 b6 26. axb6 Rxb6 
27. Qa3 Kh8 28. g3 Ne6 29. Bg2 Ng5 30. Rd2 Kh7 31. Qa2 Nxe4 32. Bxe4 Bxe4 
33. Nxg7 Bb7 34. Nxe8 Qf3 35. Qb1+ Kh8 36. Kf1 Qh1+ 37. Ke2 Qf3+ 38. Kf1 Qg2+ 
39. Ke2 Qf3+ 40. Kf1 1/2-1/2

[Event "Friday Night Double Round Robin 3m+1s Starts at 2200hrs ST NO LATE JOINS POSS"]
[Site "Infinity Chess"]
[Date "2018.1.19"]
[Round "5"]
[White "BraveDevil"]
[Black "xeonrocks"]
[Result "1/2-1/2 "]
[ECO "D31"]
[WhiteElo "2482"]
[BlackElo "2569"]
[WhiteEngine "Cryptic AIL V1"]
[BlackEngine "asmFishW_CTG"]
[EventType "Round Robin"]
[WhiteTeam ""]
[BlackTeam ""]
[PlyCount "122"]
[TimeControl "180+1"]

1. d4 d5 2. c4 e6 3. Nc3 c6 4. e4 dxe4 5. Nxe4 Bb4+ 6. Bd2 Qxd4 7. Bxb4 Qxe4+ 
8. Be2 Na6 9. Ba5 b6 10. Qd6 Bd7 11. Bc3 f6 12. O-O-O O-O-O 13. Qa3 Kb7 
14. Bf3 Qf4+ 15. Rd2 Qc7 16. Ne2 e5 17. Ng3 Nh6 18. Rhd1 Bg4 19. Bxg4 Nxg4 
20. Ne4 Rxd2 21. Rxd2 Rd8 22. c5 Rxd2 23. Bxd2 Nxc5 24. Nxc5+ bxc5 25. Qxc5 Nxh2 
26. Be3 Kc8 27. Qc4 Qd7 28. f3 Qd5 29. Qa6+ Kd8 30. Bxa7 e4 31. Qb6+ Kd7 
32. Qb7+ Ke6 33. Qc8+ Ke7 34. Qc7+ Ke6 35. Qxg7 Qc4+ 36. Kb1 Qf1+ 37. Kc2 Qc4+ 
38. Kb1 Qf1+ 39. Kc2 Qd3+ 40. Kc1 exf3 41. Qg8+ Ke5 42. Qb8+ Ke4 43. Qxh2 Qc4+ 
44. Kb1 Qf1+ 45. Kc2 Qe2+ 46. Kb3 Qd3+ 47. Ka4 Qb5+ 48. Ka3 Qd3+ 49. Ka4 Qa6+ 
50. Kb3 Qxa7 51. gxf3+ Kxf3 52. Qh3+ Kf4 53. Qf1+ Kg3 54. Qd3+ Kf4 55. Qf1+ Ke5 
56. Qe2+ Kf5 57. Qf3+ Kg6 58. Qg4+ Kf7 59. Qh5+ Ke6 60. Qe2+ Kd7 61. Qg4+ Kd6 
1/2-1/2

[Event "Friday Night Double Round Robin 3m+1s Starts at 2200hrs ST NO LATE JOINS POSS"]
[Site "Infinity Chess"]
[Date "2018.1.19"]
[Round "5"]
[White "MGR"]
[Black "Gilgamesch"]
[Result "1/2-1/2"]
[ECO "C50"]
[WhiteElo "2511"]
[BlackElo "2548"]
[WhiteEngine "asmFishW_2017-11-19_bmi2"]
[BlackEngine "BrainFish_171005_x64_bmi2"]
[EventType "Round Robin"]
[WhiteTeam ""]
[BlackTeam ""]
[PlyCount "53"]
[TimeControl "180+1"]

1. e4 e5 2. Nf3 Nc6 3. Bc4 Bc5 4. O-O Nf6 5. d3 d6 6. c3 a5 7. Re1 O-O 
8. Nbd2 Be6 9. Bb5 Ne7 10. d4 Ba7 11. h3 Ng6 12. Ba4 c6 13. Bc2 Nh5 14. a4 Nhf4 
15. Nf1 exd4 16. Nxd4 Qh4 17. Nh2 d5 18. Nhf3 Qh6 19. Nf5 Nxh3+ 20. gxh3 Qxh3 
21. Ng5 Bxf2+ 22. Kxf2 Qh2+ 23. Kf1 Qh1+ 24. Ke2 Qh2+ 25. Kf1 Qh1+ 26. Ke2 Qh2+ 
27. Kf1 1/2-1/2

[Event "Friday Night Double Round Robin 3m+1s Starts at 2200hrs ST NO LATE JOINS POSS"]
[Site "Infinity Chess"]
[Date "2018.1.19"]
[Round "5"]
[White "Victorious"]
[Black "OlivierEvan"]
[Result "1/2-1/2"]
[ECO "A06"]
[WhiteElo "2533"]
[BlackElo "2412"]
[WhiteEngine "BugChess2.41_Release"]
[BlackEngine "Houdini 6"]
[EventType "Round Robin"]
[WhiteTeam ""]
[BlackTeam ""]
[PlyCount "66"]
[TimeControl "180+1"]

1. Nf3 d5 2. d4 Nf6 3. e3 e6 4. Bd3 b6 5. b3 Bb4+ 6. c3 Bd6 7. O-O Bb7 
8. Bb2 O-O 9. c4 Nbd7 10. Ne5 Rc8 11. Nd2 Ne4 12. cxd5 exd5 13. Rc1 Nxd2 
14. Qxd2 Nf6 15. Nc6 Bxc6 16. Rxc6 Re8 17. Qe2 g6 18. Bb5 Re6 19. g3 Qe7 
20. Bc1 h5 21. f3 Rd8 22. Kg2 Ne8 23. Bd3 Ng7 24. f4 Rf6 25. Qf3 Nf5 26. Rc2 a5 
27. Rff2 Kg7 28. h3 Qe6 29. Kg1 Re8 30. Bb5 Rh8 31. Bd3 Re8 32. Bb5 Rd8 
33. Bd3 Re8 1/2-1/2

[Event "Friday Night Double Round Robin 3m+1s Starts at 2200hrs ST NO LATE JOINS POSS"]
[Site "Infinity Chess"]
[Date "2018.1.19"]
[Round "4"]
[White "Gilgamesch"]
[Black "Victorious"]
[Result "1/2-1/2"]
[ECO "C50"]
[WhiteElo "2549"]
[BlackElo "2532"]
[WhiteEngine "BrainFish_171005_x64_bmi2"]
[BlackEngine "BugChess2.41_Release"]
[EventType "Round Robin"]
[WhiteTeam ""]
[BlackTeam ""]
[PlyCount "38"]
[TimeControl "180+1"]

1. e4 e5 2. Nf3 Nc6 3. Bc4 Bc5 4. O-O Nf6 5. d3 d6 6. c3 O-O 7. h3 a5 8. Nbd2 h6 
9. Re1 Be6 10. a4 Bxc4 11. Nxc4 Re8 12. Be3 Bxe3 13. Rxe3 b6 14. Re1 d5 
15. exd5 Qxd5 16. Ne3 Qe6 17. Nc4 Qd5 18. Ne3 Qd6 19. Nc4 Qd5 1/2-1/2

[Event "Friday Night Double Round Robin 3m+1s Starts at 2200hrs ST NO LATE JOINS POSS"]
[Site "Infinity Chess"]
[Date "2018.1.19"]
[Round "4"]
[White "xeonrocks"]
[Black "MGR"]
[Result "1/2-1/2"]
[ECO "C11"]
[WhiteElo "2571"]
[BlackElo "2509"]
[WhiteEngine "asmFishW_CTG"]
[BlackEngine "asmFishW_2017-11-19_bmi2"]
[EventType "Round Robin"]
[WhiteTeam ""]
[BlackTeam ""]
[PlyCount "134"]
[TimeControl "180+1"]

1. e4 e6 2. d4 d5 3. Nc3 Nf6 4. e5 Nfd7 5. f4 c5 6. Nf3 Nc6 7. Be3 cxd4 
8. Nxd4 Qb6 9. Qd2 Qxb2 10. Rb1 Qa3 11. Bb5 Nxd4 12. Bxd4 a6 13. Bxd7+ Bxd7 
14. Rb3 Qe7 15. Rxb7 Rc8 16. O-O Qd8 17. Qe3 Rc4 18. Rfb1 Be7 19. f5 Bg5 
20. Qd3 O-O 21. f6 Bc6 22. Bb6 Qe8 23. Re7 Qb8 24. Bd4 Rb4 25. Rb3 a5 
26. Ne2 gxf6 27. Qg3 Kh8 28. a3 Rxb3 29. cxb3 Bb5 30. Nc3 Ba6 31. exf6 Qxg3 
32. hxg3 h6 33. Na4 Kg8 34. Nc5 Be2 35. Kf2 Bg4 36. Ra7 Rc8 37. b4 e5 
38. Bxe5 axb4 39. axb4 Re8 40. Nd3 Bf5 41. Re7 Rxe7 42. fxe7 Bxe7 43. Nc5 f6 
44. Bd4 Kf7 45. b5 Ke8 46. Ke3 Kd8 47. Nd3 Kd7 48. g4 Be4 49. g3 f5 
50. gxf5 Bxf5 51. Nc5+ Kc7 52. Nd3 Bd6 53. Nf4 Kb7 54. Nxd5 Bxg3 55. Kf3 Bd6 
56. Be3 h5 57. Bf4 Bg4+ 58. Kf2 Bc5+ 59. Kg3 Be6 60. Be3 h4+ 61. Kf2 h3 
62. Bxc5 h2 63. Kg2 h1=Q+ 64. Kxh1 Bxd5+ 65. Kg1 Ba2 66. b6 Bb1 67. Bf2 Bh7 
1/2-1/2

[Event "Friday Night Double Round Robin 3m+1s Starts at 2200hrs ST NO LATE JOINS POSS"]
[Site "Infinity Chess"]
[Date "2018.1.19"]
[Round "4"]
[White "PAKtech"]
[Black "BraveDevil"]
[Result "1/2-1/2"]
[ECO "B90"]
[WhiteElo "2420"]
[BlackElo "2485"]
[WhiteEngine "Raubfisch ME262_GTZ16b3._CTG"]
[BlackEngine "Cryptic AIL V1"]
[EventType "Round Robin"]
[WhiteTeam ""]
[BlackTeam ""]
[PlyCount "82"]
[TimeControl "180+1"]

1. e4 c5 2. Nf3 d6 3. d4 cxd4 4. Nxd4 Nf6 5. Nc3 a6 6. Be3 e5 7. Nb3 Be7 
8. Be2 Be6 9. Qd3 Nc6 10. a3 Rc8 11. Nd5 O-O 12. Nb6 Rb8 13. Rd1 Nd7 
14. Nxd7 Bxd7 15. O-O Be6 16. f4 exf4 17. Bxf4 Ne5 18. Qe3 Bf6 19. Nc5 Re8 
20. Bxe5 Bxe5 21. Nxe6 fxe6 22. c3 Qc7 23. Kh1 b5 24. Bg4 Qe7 25. Qh3 g6 
26. Be2 Kg7 27. Qe3 Rf8 28. g3 h5 29. Kg2 Kh7 30. Rxf8 Rxf8 31. Bd3 Rf7 
32. Rf1 Rxf1 33. Kxf1 h4 34. Bc2 hxg3 35. hxg3 d5 36. exd5 exd5 37. Kg2 Qf6 
38. Qa7+ Kh6 39. Qe3+ Kh7 40. Qa7+ Kh6 41. Qe3+ Kh7 1/2-1/2

[Event "Friday Night Double Round Robin 3m+1s Starts at 2200hrs ST NO LATE JOINS POSS"]
[Site "Infinity Chess"]
[Date "2018.1.19"]
[Round "4"]
[White "tris77"]
[Black "RonWeasley"]
[Result "1/2-1/2"]
[ECO "C11"]
[WhiteElo "2431"]
[BlackElo "2485"]
[WhiteEngine "Raubfisch X37b_CTG"]
[BlackEngine "BrainFish 130117_CTG"]
[EventType "Round Robin"]
[WhiteTeam ""]
[BlackTeam ""]
[PlyCount "92"]
[TimeControl "180+1"]

1. e4 e6 2. d4 d5 3. Nc3 Nf6 4. e5 Nfd7 5. f4 c5 6. Nf3 Nc6 7. Be3 cxd4 
8. Nxd4 Qb6 9. Qd2 Qxb2 10. Rb1 Qa3 11. Bb5 Nxd4 12. Bxd4 a6 13. Bxd7+ Bxd7 
14. Rb3 Qe7 15. Rxb7 Rc8 16. O-O Qd8 17. Qf2 Rxc3 18. Bxc3 Qc8 19. Rb3 Ba4 
20. Bd4 Bxb3 21. axb3 Be7 22. c3 O-O 23. b4 Qc6 24. Ra1 Bd8 25. g4 Bc7 
26. Kg2 Ra8 27. Qe2 Qb7 28. f5 a5 29. Qd2 exf5 30. gxf5 axb4 31. Rxa8+ Qxa8 
32. cxb4 Qa6 33. Qc2 Bd8 34. h3 Be7 35. e6 Bxb4 36. exf7+ Kf8 37. Bc5+ Bxc5 
38. Qxc5+ Kxf7 39. Qxd5+ Kf6 40. Qd8+ Kxf5 41. Qd7+ Kg6 42. Qg4+ Kf6 
43. Qf3+ Ke7 44. Qe4+ Qe6 45. Qxh7 Qd5+ 46. Kg3 Kf7 1/2-1/2